 Dungeon Crawl Stone Soup version 0.31.0-9-g3a7656b989 (webtiles) character file.

Game seed: 13150925003868666828

1845 GordonOverkill the Conjurer (level 8, 0/62 (66) HPs)
             Began as a Demigod Gladiator on Jan 26, 2024.
             Slain by a wight
             ... wielding a +4 short sword
              (3 damage)
             ... on level 6 of the Dungeon.
             The game lasted 00:14:25 (8747 turns).

GordonOverkill the Conjurer (Demigod Gladiator)     Turns: 8747, Time: 00:14:25

HP:   0/62 (66)     AC: 10    Str: 15    XL:     8   Next: 57%
MP:   16/19         EV: 12    Int: 18    God:
Gold: 350           SH:  0    Dex: 15    Spells: 11/17 levels left

rFire   . . .        a - +0 quarterstaff
rCold   + . .        (shield currently unavailable)
rNeg    . . .        b - +0 leather armour
rPois   .            c - +1 helmet
rElec   .            f - +2 cloak
rCorr   .            q - +0 pair of gloves
SInv    .            n - +0 pair of boots
Will    .....        (no amulet)
Stlth   +            k - ring of protection from cold
HPRegen 0.30/turn    (no ring)
MPRegen 0.16/turn

%: random rage (3%)
@: drained
A: high MP 1, forlorn, divine attributes, berserk 1, noise suppression
a: no special abilities


You were on level 6 of the Dungeon.
You visited 1 branch of the dungeon, and saw 6 of its levels.

You collected 350 gold pieces.

Inventory:

Hand Weapons
 a - a +0 quarterstaff (weapon)
Missiles
 d - 3 throwing nets
 e - a javelin
 p - 13 poisoned darts (quivered)
 x - 3 curare-tipped darts
Armour
 b - a +0 leather armour (worn)
 c - a +1 helmet (worn)
 f - a +2 cloak (worn)
 n - a +0 pair of boots (worn)
 q - a +0 pair of gloves (worn)
Jewellery
 k - a ring of protection from cold (left hand)
 t - a +4 ring of protection
Scrolls
 i - 3 scrolls of vulnerability
 m - 2 scrolls of poison
 r - a scroll of immolation
 v - a scroll of revelation {unknown}
 w - a scroll of identify
Potions
 g - 3 potions of curing
 h - a potion of attraction
 j - a potion of haste {unknown}
 l - a potion of invisibility {unknown}
 o - 2 potions of mutation
 s - a potion of cancellation {unknown}
 u - a potion of enlightenment {unknown}
 z - a potion of degeneration {unknown}


   Skills:
 - Level 4.0 Fighting
 - Level 3.0 Staves
 - Level 1.7 Throwing
 - Level 2.6 Dodging
 - Level 5.0 Spellcasting
 - Level 5.0 Conjurations
 - Level 3.0 Summonings
 + Level 5.0 Ice Magic


You had 11 spell levels left.
You knew the following spells:

 Your Spells              Type           Power      Damage    Failure   Level
a - Hailstorm             Conj/Ice       22%        3d7       6%          3
b - Summon Ice Beast      Ice/Summ       18%        N/A       10%         3

Your spell library contained the following spells:

 Spells                   Type           Power      Damage    Failure   Level
 Ensorcelled Hibernation  Hex/Ice        26%        N/A       9%          2
 Fugue of the Fallen      Necr           4%         N/A       43%         3
 Anguish                  Hex/Necr       2%         N/A       85%         4
 Sculpt Simulacrum        Ice/Alch       6%         N/A       100%        6


Dungeon Overview and Level Annotations

Branches:
Dungeon (6/15)             Temple (0/1) D:5

Shops:
D:3 [   D:4 =   D:6 ?

Annotations:
D:2 1 runed translucent door, Crazy Yiuf


Innate Abilities, Weirdness & Mutations

You have an increased reservoir of magic. (+10% MP)
You shall have no god before yourself.
Your divine heritage dramatically boosts your attributes as you level up.
You sometimes lose your temper in combat.
You passively dampen the noise of your surroundings.


Message History

Your life force feels restored.
Training target 5.0 for Spellcasting reached!
Your Spellcasting skill increases to level 5!
You need to enable at least one skill for training.
Your ice beast hits the wight but does no damage.
A necrophage comes into view.
The wight closely misses you.
You barely miss the wight.
Your ice beast disappears in a puff of smoke!
The wight hits you with a +4 short sword!
* * * LOW HITPOINT WARNING * * *
You sock the wight!
The wight is severely damaged.
The wight hits you with a +4 short sword.
* * * LOW HITPOINT WARNING * * *
You completely miss the wight.
The wight is severely damaged.
The wight hits you with a +4 short sword!
* * * LOW HITPOINT WARNING * * *
Casting: Summon Ice Beast (dangerous; 10% risk of failure)
Confirm with . or Enter, or press ? or * to list all spells.
A chill wind blows around you.
The wight hits you with a +4 short sword.
* * * LOW HITPOINT WARNING * * *
You hit the wight.
The wight is almost destroyed.
The wight hits you with a +4 short sword.
* * * LOW HITPOINT WARNING * * *
Your ice beast barely misses the wight.
You barely miss the wight.
The wight is almost destroyed.
The wight hits you with a +4 short sword!
* * * LOW HITPOINT WARNING * * *
You feel drained.
* * * LOW HITPOINT WARNING * * *
Your ice beast closely misses the wight.
The wight hits you with a +4 short sword!
* * * LOW HITPOINT WARNING * * *
You feel drained.
You die...

)....<#######
##......)...############
##...######.....##.....##
###### #####.#.......## #
#..........# ########
#..........# .......#
##.>.......# .......#
#.........#
.......#########@........#
..######......nz).).)...##
..# #.####.##Y........#
..# ♣♣..##.........# ..#
♣P..##.<.......# ..#
♣..P♣##.........# .##
♣Pz.♣ #.........# .##
♣P.P♣ ##.......## ..##
♣..P♣####.....##


You could see a necrophage, a wight (ally target) and a friendly ice beast
(summoned).

Vanquished Creatures
  A water moccasin (D:6)
  An orc warrior (D:6)
  3 black bears
  An ice beast (D:5)
  2 ogres (D:6)
  2 phantoms
  2 wights (D:6)
  2 bombardier beetles
  A gnoll bouda (D:5)
  3 jellies
  An orc priest (D:6)
  A sleepcap (D:5)
  3 hounds
  3 iguanas
  Terence (D:3)
  3 orc wizards
  8 gnolls
  4 adders
  A white imp (D:5)
  4 dart slugs (D:1)
  18 orcs
  12 ball pythons
  4 bats
  An endoplasm (D:1)
  3 giant cockroaches
  5 goblins
  9 hobgoblins
  3 jackals (D:1)
  10 kobolds
  3 quokkas
  6 frilled lizards
  4 rats
125 creatures vanquished.

Vanquished Creatures (collateral kills)
  A wight (D:6)
  A jelly (D:6)
  An iguana (D:6)
  An adder (D:6)
  2 ufetubi (D:6)
6 creatures vanquished.

Grand Total: 131 creatures vanquished

Notes
Turn   | Place    | Note
-------+----------+-------------------------------------------
     0 | D:1      | GordonOverkill the Demigod Gladiator began the quest for
                  | the Orb.
     0 | D:1      | Reached XP level 1. HP: 17/17 MP: 3/3
    95 | D:1      | Reached XP level 2. HP: 18/25 MP: 4/4
   287 | D:1      | Reached XP level 3. HP: 27/31 MP: 5/5
   540 | D:1      | Reached skill level 1 in Spellcasting
  1975 | D:2      | Found a runed translucent door.
  1976 | D:2      | Noticed Crazy Yiuf
  2223 | D:3      | Noticed Terence
  2362 | D:3      | Found Yghimit's Antique Armour Emporium.
  2390 | D:3      | Reached XP level 4. HP: 31/38 MP: 9/9
  2651 | D:3      | Noticed a black bear
  2694 | D:3      | Killed a black bear
  2695 | D:3      | Reached skill level 1 in Conjurations
  2695 | D:3      | Reached XP level 5. HP: 42/45 MP: 10/12
  2940 | D:3      | Killed Terence
  3475 | D:4      | Noticed a black bear
  3616 | D:4      | Found Bolen's Jewellery Shop.
  3729 | D:4      | Reached XP level 6. HP: 42/51 MP: 13/13
  3973 | D:4      | Gained mutation: You sometimes lose your temper in combat.
                  | [potion of mutation]
  3973 | D:4      | Gained mutation: You passively dampen the noise of your
                  | surroundings. [potion of mutation]
  4878 | D:4      | Learned a level 3 spell: Hailstorm
  5562 | D:4      | Found Bolen's Jewellery Shop.
  6067 | D:5      | Entered Level 5 of the Dungeon
  6194 | D:5      | Reached skill level 1 in Ice Magic
  6356 | D:5      | Reached XP level 7. HP: 59/59 MP: 16/16
  6795 | D:5      | Found a staircase to the Ecumenical Temple.
  7771 | D:6      | Reached skill level 5 in Conjurations
  7771 | D:6      | Reached XP level 8. HP: 66/66 MP: 10/17
  7796 | D:6      | Learned a level 3 spell: Summon Ice Beast
  8012 | D:6      | Reached skill level 5 in Ice Magic
  8085 | D:6      | Reached skill level 1 in Summonings
  8608 | D:6      | Found Bucim's Magic Scroll Boutique.
  8740 | D:6      | Reached skill level 5 in Spellcasting
  8747 | D:6      | HP: 3/64 [wight/+4 short sword (9)]
  8747 | D:6      | Slain by a wight

Illustrated notes

Levels and vault maps discovered:
D:1:      erik_arrival_blinker_ship, layout_rooms
D:2:      layout_basic, dreamdust_ecumenical_altar_angels_and_demons,
          uniq_crazy_yiuf_cottage
D:3:      layout_basic, serial_shops, nicolae_shop_real_fake_doors,
          chequers_serial_rivers_small_3, minmay_gold_behind_fungi,
          serial_park_tiny_1, kennysheep_small_spiral, uniq_terence
D:4:      layout_layer_cave, marbit_many_paths,
          mainiacjoe_overflow_concentric_impassable, serial_shops,
          nicolae_shop_crystal, minivault_4
D:5:      layout_gridville, minmay_temple_entry_poolview
D:6:      layout_rooms, serial_shops, nicolae_shop_rolled_up,
          dilly_guarded_unrand_morg

Skill      XL: |  1  2  3  4  5  6  7  8 |
---------------+-------------------------+-----
Fighting       | 2 3 4 |  4.0
Staves         | 3 |  3.0
Spellcasting   | 2 3 4 5 |  5.0
Conjurations   | 1 3 5 |  5.0
Ice Magic      | 2 4 5 |  5.0
Summonings     | 3 |  3.0
Throwing       | |  1.7
Dodging        | |  2.6

Action                     |  1- 3 |  4- 6 |  7- 9 || total
---------------------------+-------+-------+-------++-------
  Melee: Quarterstaff      |   147 |   192 |   140 ||   479
  Throw: Dart              |       |     3 |     5 ||     8
         Javelin           |       |     1 |       ||     1
   Cast: Hailstorm         |       |       |    27 ||    27
         Summon Ice Beast  |       |       |    10 ||    10
    Use: Scroll            |     4 |     6 |     1 ||    11
         Potion            |       |     5 |       ||     5
   Stab: Sleeping          |     2 |       |       ||     2
         Distracted        |       |     1 |       ||     1
 Armour: Leather armour    |    89 |   224 |   145 ||   458
  Dodge: Dodged            |   125 |   146 |   138 ||   409
